 Dungeon Crawl Stone Soup version 0.21.1-72-gffa868e (webtiles) character file.

231 wojtek the Chopper (level 5, -4/46 HPs)
             Began as a Minotaur Fighter on Aug 5, 2018.
             Slain by a killer bee (5 damage)
             ... on level 3 of the Abyss.
             The game lasted 00:02:11 (1391 turns).

wojtek the Chopper (Minotaur Fighter)               Turns: 1391, Time: 00:02:11

Health: -4/46      AC:  7    Str: 22    XL:     5   Next: 73%
Magic:  4/4        EV:  7    Int:  5    God:
Gold:   102        SH:  9    Dex:  9    Spells: 4/4 levels left

rFire    . . .     SeeInvis .   a - +0 war axe
rCold    . . .     Gourm    .   c - +0 shield
rNeg     . . .     Faith    .   b - +0 scale mail
rPois    .         Spirit   .   (helmet restricted)
rElec    .         Reflect  .   (no cloak)
rCorr    .         Harm     .   (no gloves)
MR       .....                  (no boots)
Stlth    ..........             (no amulet)
HPRegen  0.15/turn              (no ring)
MPRegen  0.09/turn              (no ring)

@: no status effects
A: retaliatory headbutt, horns 2
a: no special abilities


You were on level 3 of the Abyss.
You were hungry.

You visited 1 branch of the dungeon, and saw 2 of its levels.
You visited the Abyss 1 time.

You collected 102 gold pieces.

Inventory:

Hand Weapons
 a - a +0 war axe (weapon)
Armour
 b - a +0 scale mail (worn)
 c - a +0 shield (worn)
Jewellery
 e - an uncursed ring of ice
 p - a +2 ring of evasion {unknown}
Wands
 m - a wand of digging (12)
Scrolls
 h - a scroll of amnesia {unknown}
 i - a scroll of fog {unknown}
 k - a scroll of teleportation {unknown}
 n - a scroll of noise {unknown}
Potions
 d - a potion of might
 j - a potion of haste {unknown}
 l - 2 potions of lignification {unknown}
 o - a potion of berserk rage {unknown}
 q - a potion of heal wounds {unknown}
 r - a potion of brilliance {unknown}
Comestibles
 f - 4 rations


   Skills:
 + Level 3.7 Fighting
 + Level 7.1 Axes
 + Level 3.7 Armour
 + Level 0.2 Dodging
 + Level 3.7 Shields
 + Level 0.2 Evocations


You had 4 spell levels left.
You didn't know any spells.

Dungeon Overview and Level Annotations

Branches:
Dungeon (2/15)

Altars:

Annotations:
D:2 Crazy Yiuf


Innate Abilities, Weirdness & Mutations

You reflexively headbutt those who attack you in melee.
You have a pair of horns on your head.


Message History

You start resting.
A spatial vortex comes into view.
The spatial vortex moves out of view.
There is a gateway leading deeper into the Abyss here.
You plunge deeper into the Abyss.
The abyssal rune of Zot can be found at this depth.
A wretched star comes into view.
A killer bee and a very ugly thing come into view.
The killer bee buzzes angrily.
You hear an angry buzzing noise. x4
The killer bee stings you but does no damage.
A killer bee and a meliai come into view.
The killer bee stings you but does no damage.
A meliai comes into view. It is wielding a war axe.
The killer bee closely misses you. The killer bee stings you!
The meliai mumbles some strange prayers to its god against you.
Something smites you!
* * * LOW HITPOINT WARNING * * *
The killer bee stings you.
You die...

....#.#..# ...#...
... ###.##.# ..# .
#...##....*###.## .#
............#y..#...
.. ...........y.....
. ........#..u......
#.....#####y.#.....
#.....#.#y# .##.##
...#....@.#..# #
....####..#...# ..##
### #### .. #. .


You could see a green very ugly thing, 2 meliai and 2 killer bees.

Vanquished Creatures
  Sigmund (D:2)
  2 adders (D:2)
  2 worms
  2 dart slugs
  2 leopard geckos (D:2)
  2 ball pythons
  7 giant cockroaches
  2 goblins (D:1)
  4 hobgoblins
  4 jackals
  3 kobolds
  2 quokkas (D:2)
  3 bats
  2 frilled lizards
  4 rats
42 creatures vanquished.

Notes
Turn   | Place    | Note
-------+----------+-------------------------------------------
     0 | D:1      | wojtek the Minotaur Fighter began the quest for the Orb.
     0 | D:1      | Reached XP level 1. HP: 19/19 MP: 0/0
    92 | D:1      | Reached skill level 3 in Axes
   105 | D:1      | Reached XP level 2. HP: 21/26 MP: 1/1
   339 | D:1      | Reached skill level 4 in Axes
   552 | D:2      | Noticed Sigmund
   556 | D:2      | Reached XP level 3. HP: 30/31 MP: 2/2
   655 | D:2      | Killed Sigmund
   655 | D:2      | Reached skill level 6 in Axes
   655 | D:2      | Reached XP level 4. HP: 26/39 MP: 3/3
   655 | D:2      | Reached XP level 5. HP: 30/45 MP: 4/4
   675 | D:2      | Reached skill level 7 in Axes
  1123 | D:2      | Found a runed door.
  1291 | D:2      | Noticed Crazy Yiuf
  1296 | D:2      | Cast into level 1 of the Abyss (Crazy Yiuf)
  1302 | Abyss:1  | Found a corrupted altar of Lugonu.
  1320 | Abyss:1  | Noticed a smoke demon
  1372 | Abyss:2  | Noticed a tentacled starspawn
  1377 | Abyss:2  | Noticed a spatial vortex
  1385 | Abyss:3  | Noticed a wretched star
  1387 | Abyss:3  | Noticed a green very ugly thing
  1388 | Abyss:3  | Noticed a meliai
  1389 | Abyss:3  | Noticed a meliai
  1391 | Abyss:3  | HP: 1/46 [meliai/divine providence (14)]
  1391 | Abyss:3  | Slain by a killer bee

Skill      XL: |  1  2  3  4  5 |
---------------+----------------+-----
Axes           | 3 4 6 7 |  7.1
Fighting       | |  3.7
Armour         | |  3.7
Dodging        | |  0.2
Shields        | |  3.7
Evocations     | |  0.2

Action                   |  1- 3 |  4- 6 || total
-------------------------+-------+-------++-------
Melee: War axe           |    55 |    37 ||    92
       Headbutt          |     8 |     8 ||    16
  Eat: Chunk             |       |     1 ||     1
Armor: Scale mail        |    25 |    16 ||    41
Dodge: Dodged            |    20 |    18 ||    38
Block: Shield            |    31 |    21 ||    52
